 Dungeon Crawl Stone Soup version 0.17.0-7-gfadd4cc (webtiles) character file.

1208 septik the Firebug (level 8, 0/36 HPs)
             Began as a Deep Elf Fire Elementalist on Nov 8, 2015.
             Was a Follower of Vehumet.
             Shot with a sling bullet by Joseph (18 damage)
             ... on level 8 of the Dungeon.
             The game lasted 00:33:05 (6453 turns).

septik the Firebug (Deep Elf Fire Elementalist)     Turns: 6453, Time: 00:33:06

Health: 0/36       AC:  5    Str:  5    XL:     8   Next: 21%
Magic:  18/19      EV: 12    Int: 23    God:    Vehumet [*.....]
Gold:   373        SH:  5    Dex: 15    Spells: 5 memorised, 5 levels left

rFire  . . .     SeeInvis .     C - +1 trident
rCold  + . .     Clarity  .     a - +0 robe
rNeg   . . .     SustAt   .     q - +2 buckler
rPois  +         Gourm    .     K - +0 helmet
rElec  .         Spirit   .     R - +0 cloak
rCorr  .         Warding  .     O - +0 pair of gloves
rMut   .         Stasis   .     (no boots)
MR     +....                    (no amulet)
Stlth  ++........               G - ring of invisibility
                                Q - ring of protection from cold

@: somewhat resistant to hostile enchantments, unstealthy
A: frail 1, magic resistance 1, poison resistance
a: Renounce Religion, Evoke Invisibility


You were on level 8 of the Dungeon.
You worshipped Vehumet.
Vehumet was aware of your devotion.
You were not hungry.

You visited 2 branches of the dungeon, and saw 9 of its levels.

You collected 373 gold pieces.

Inventory:

Hand Weapons
 d - a +0 short sword
 i - a +1 vampiric falchion
 C - a +1 trident (weapon)
 H - the +2 short sword "Reamiw" {antimagic, +Blink MR++ MP+9 Dex+2}
   (You found it on level 4 of the Dungeon)

   It disrupts the flow of magical energy around spellcasters and certain
   magical creatures (including the wielder).
   It affects your dexterity (+2).
   It affects your resistance to hostile enchantments.
   It affects your magic capacity (+9).
   It lets you blink.
 Y - a +0 hunting sling
Missiles
 e - 299 stones (quivered)
 y - 7 tomahawks
 V - 4 poisoned tomahawks
Armour
 a - a +0 robe (worn)
 q - a +2 buckler (worn)
 K - a +0 helmet (worn)
 O - a +0 pair of gloves (worn)
 R - a +0 cloak (worn)
 X - a +3 leather armour
Jewellery
 k - an uncursed ring of sustain attributes
 E - an uncursed ring of ice
 G - a ring of invisibility (right hand)
 Q - a ring of protection from cold (left hand)
Wands
 Z - a wand of paralysis (5)
Scrolls
 f - 2 scrolls of fog
 g - 4 scrolls of identify
 n - a scroll of enchant weapon
 o - 2 scrolls of noise
 u - 4 scrolls of remove curse
 w - 2 scrolls of teleportation
 z - a scroll of amnesia {unknown}
 D - a scroll of random uselessness {unknown}
 J - a scroll of recharging {unknown}
 N - a scroll of enchant armour {unknown}
 S - a scroll of magic mapping {unknown}
Potions
 r - a potion of invisibility {unknown}
 s - 3 potions of heal wounds {unknown}
 t - 4 potions of lignification {unknown}
 x - a potion of cure mutation {unknown}
 A - a potion of ambrosia {unknown}
 I - a potion of curing {unknown}
 P - a potion of beneficial mutation {unknown}
 U - a potion of might {unknown}
 W - a potion of mutation {unknown}
Books
 b - a book of Flames

   Spells                             Type                      Level
   a - Flame Tongue                   Conjuration/Fire             1
   b - Throw Flame                    Conjuration/Fire             2
   c - Conjure Flame                  Conjuration/Fire             3
   d - Inner Flame                    Hexes/Fire                   3
   e - Sticky Flame                   Conjuration/Fire             4
   f - Fireball                       Conjuration/Fire             5
 h - a book of Hinderance

   Spells                             Type                      Level
   a - Confusing Touch                Hexes                        2
   b - Confuse                        Hexes                        3
   c - Gell's Gravitas                Hexes/Translocation          3
   d - Petrify                        Transmutation/Earth          4
   e - Metabolic Englaciation         Hexes/Ice                    5
 B - a book of Callings

   Spells                             Type                      Level
   a - Summon Small Mammal            Summoning                    1
   b - Call Imp                       Summoning                    2
   c - Call Canine Familiar           Summoning                    3
   d - Summon Guardian Golem          Hexes/Summoning              3
   e - Summon Lightning Spire         Summoning/Air                4
   f - Summon Ice Beast               Ice/Summoning                4
 L - an Akashic Record

   Spells                             Type                      Level
   a - Dispersal                      Translocation                6
   b - Malign Gateway                 Summoning/Translocation      7
   c - Disjunction                    Translocation                8
   d - Controlled Blink               Translocation                8
 T - a book of Frost

   Spells                             Type                      Level
   a - Freeze                         Ice                          1
   b - Throw Frost                    Conjuration/Ice              2
   c - Ozocubu's Armour               Charms/Ice                   3
   d - Throw Icicle                   Conjuration/Ice              4
   e - Summon Ice Beast               Ice/Summoning                4
   f - Condensation Shield            Ice                          4
Comestibles
 c - 4 bread rations
 j - 5 royal jellies
 p - 4 beef jerkies
 v - a slice of pizza
 F - 2 meat rations


   Skills:
 - Level 2.4 Dodging
 - Level 2.4 Stealth
 - Level 6.4 Spellcasting
 + Level 6.9 Conjurations
 + Level 7.5 Fire Magic


You had 5 spell levels left.
You knew the following spells:

 Your Spells              Type           Power        Failure   Level  Hunger
a - Flame Tongue          Conj/Fire      #####        1%          1    None
b - Conjure Flame         Conj/Fire      #####...     2%          3    #......
c - Sticky Flame          Conj/Fire      #####...     10%         4    ###....
d - Fireball              Conj/Fire      #####.....   21%         5    #####..
e - Shock                 Conj/Air       ###.         3%          1    None


Dungeon Overview and Level Annotations

Branches:
Dungeon (8/15)             Temple (1/1) D:4
   Lair: D:8-11

Altars:
Ashenzari
Cheibriados
Dithmenos
Elyvilon
Fedhas
Gozag
Kikubaaqudgha
Makhleb
Nemelex Xobeh
Okawaru
Qazlal
Ru
Sif Muna
Trog
Vehumet
Xom
Yredelemnul
Zin
The Shining One

Annotations:
D:6 exclusions: upstairs and 1 more exclusion
D:8 Joseph


Innate Abilities, Weirdness & Mutations

You are frail (-10% HP).
You are resistant to hostile enchantments.
Your system is resistant to poisons.


Message History

Confirm with . or Enter, or press ? or * to list all spells.
Aiming: Flame Tongue
Press: ? - help, Shift-Dir - straight line A phantom comes into view.
Joseph shoots a sling bullet.
The sling bullet hits you!
A wasp comes into view.
You see here a sling bullet.
Casting: Flame Tongue
Confirm with . or Enter, or press ? or * to list all spells.
Aiming: Flame Tongue
Press: ? - help, Shift-Dir - straight line, f - Joseph
Aim: Joseph, wielding a hunting sling and wearing a ring mail The flame tongue hits Joseph.
Joseph is lightly wounded.
Joseph shoots a sling bullet.
You block the sling bullet.
You see here a sling bullet.
The phantom blinks!
Joseph shoots a sling bullet.
The sling bullet hits you!!
Ouch! That really hurt!
You die...

.<..# #.... #######
##.y..
###...§§###.@#
#......§§§y@#
####....§§§§§§##
.........§§§§..##
..........§§....##
.#####......##..@##
.# ###########..###
.## ##...## ..#
##...## .##
###..####### .#
##...#...# .##
###.....# ..#
##....# ..##
##<..##


You could see Joseph and a wasp.

Vanquished Creatures
  A hungry ghost (D:8)
  Menkaure (D:7)
  A black bear (D:6)
  A sky beast (D:5)
  2 giant frogs (D:8)
  2 scorpions
  A giant frog zombie (D:6)
  4 jellies
  3 orc wizards
  A wasp zombie (D:7)
  A centaur skeleton (D:7)
  An iguana (D:6)
  2 worker ants
  A hound skeleton (D:6)
  8 adders
  A shadow imp (D:5)
  An ooze (D:3)
  3 worms
  5 giant geckos
  25 orcs
  2 ball pythons (D:1)
  8 bats
  7 goblins
  2 hobgoblins (D:3)
  14 jackals
  5 kobolds
  3 quokkas
  4 giant cockroaches
  A giant gecko zombie (D:6)
  2 giant newts
  7 rats
  A spectral orc (D:5)
121 creatures vanquished.

Notes
Turn   | Place    | Note
--------------------------------------------------------------
     0 | D:1      | septik the Deep Elf Fire Elementalist began the quest for the Orb.
     0 | D:1      | Reached XP level 1. HP: 10/10 MP: 6/6
   361 | D:1      | Reached XP level 2. HP: 10/15 MP: 1/8
   802 | D:1      | Reached skill level 4 in Fire Magic
  1154 | D:2      | Reached XP level 3. HP: 16/19 MP: 6/9
  1170 | D:2      | Learned a level 3 spell: Conjure Flame
  1553 | D:2      | Found a faded altar to an unknown god.
  2023 | D:3      | Reached XP level 4. HP: 21/24 MP: 6/10
  2405 | D:4      | Reached skill level 5 in Fire Magic
  2518 | D:4      | Found a staircase to the Ecumenical Temple.
  2534 | Temple   | Entered the Ecumenical Temple
  2805 | Temple   | Became a worshipper of Vehumet
  2972 | D:4      | Got an ivory short sword
  2973 | D:4      | Identified the +2 short sword "Reamiw" {antimagic, +Blink MR++ MP+9 Dex+2} (You found it on level 4 of the Dungeon)
  3109 | D:4      | Found an iron altar of Okawaru.
  3121 | D:5      | Entered Level 5 of the Dungeon
  3134 | D:5      | Reached XP level 5. HP: 28/28 MP: 7/12
  3297 | D:5      | Learned a level 4 spell: Sticky Flame
  3407 | D:5      | Noticed a sky beast
  3423 | D:5      | Killed a sky beast
  3433 | D:5      | Gained mutation: You are resistant to hostile enchantments. [mutagenic meat]
  3434 | D:5      | Gained mutation: Your system is resistant to poisons. [mutagenic meat]
  3435 | D:5      | Gained mutation: You are frail (-10% HP). [mutagenic meat]
  3523 | D:5      | Reached XP level 6. HP: 28/28 MP: 9/15
  3560 | D:5      | Reached skill level 5 in Spellcasting
  3713 | D:5      | Found a basalt altar of Yredelemnul.
  4162 | D:6      | Reached skill level 6 in Spellcasting
  4162 | D:6      | Reached XP level 7. HP: 21/32 MP: 12/18
  4334 | D:6      | Learned a level 5 spell: Fireball
  5098 | D:7      | Reached skill level 5 in Conjurations
  5099 | D:7      | Found a blossoming altar of Fedhas.
  5109 | D:7      | Found a shattered altar of Ashenzari.
  5313 | D:7      | Reached * piety under Vehumet
  5313 | D:7      | Offered knowledge of Shock by Vehumet.
  5316 | D:7      | Learned a level 1 spell: Shock
  5436 | D:7      | Found a shadowy altar of Dithmenos.
  5465 | D:7      | Noticed Menkaure
  5474 | D:7      | Killed Menkaure
  5922 | D:8      | Reached skill level 7 in Fire Magic
  5922 | D:8      | Reached XP level 8. HP: 36/36 MP: 10/19
  6443 | D:8      | Noticed Joseph
  6453 | D:8      | Shot with a sling bullet by Joseph

Action                   |  1- 3 |  4- 6 |  7- 9 || total
-------------------------+-------+-------+-------++-------
Melee: Short sword       |    56 |    12 |       ||    68
       Trident           |       |    50 |     8 ||    58
Throw: Stone             |     6 |    21 |    13 ||    40
 Cast: Flame Tongue      |    71 |    71 |   103 ||   245
       Conjure Flame     |       |     5 |     4 ||     9
  Use: Scroll            |       |       |     7 ||     7
 Stab: Sleeping          |     2 |     1 |       ||     3
  Eat: Chunk             |     3 |     8 |     5 ||    16
       Bread ration      |       |     1 |       ||     1
